[Event "2nd Namma Bengaluru Open-A 2025"]
[Site "Bengaluru"]
[Date "2025.04.11"]
[Round "2.16"]
[White "Nguyen, Quoc Hy"]
[Black "Aakash G"]
[Result "1-0"]
[Annotator "RC"]
[ECO "D77"]
[WhiteElo "2404"]
[BlackElo "2100"]
[PlyCount "79"]
[EventDate "2025.04.10"]
[EventType "swiss"]
[EventCountry "IND"]
[SourceTitle "playchess.com"]
[Source "ChessBase"]
[SourceQuality "1"]
[TimeControl "5400+30"]

1. d4 Nf6 2. c4 c5 3. Nf3 cxd4 4. Nxd4 g6 5. g3 d5 6. Bg2 dxc4 7. O-O Bg7 8. Na3 O-O 9. Nxc4 Nd5 10. Nb5 Be6 11. Bxd5 Bxd5 12. Ne3 e6 13. Nxd5 exd5 14. Bf4 Nc6 15. Qb3 Na5 16. Qf3 Qd7 17. Nc3 d4 18. Ne4 Nc4 19. Rac1 Rac8 20. b3 Ne5 21. Bxe5 Bxe5 22. Nc5 Qc6 23. Qxc6 Rxc6 24. Nd7 Re8 25. Rxc6 bxc6 26. Rc1 Re7 27. Nc5 Bd6 28. Kf1 Bxc5 29. Rxc5 Re6 30. Ke1 Kg7 31. Kd2 Rf6 32. f3 Rd6 33. Kd3 Kf6 34. Rc4 Ke5 35. f4+ Kf5 36. h3 h5 37. Rxd4 Rxd4+ 38. Kxd4 g5 39. e4+ Kg6 40. h4 1-0

[Event "2nd Namma Bengaluru Open-A 2025"]
[Site "Bengaluru"]
[Date "2025.04.11"]
[Round "2.17"]
[White "Gunawardhana, Devindya Oshini"]
[Black "Anuj Shrivatri"]
[Result "0-1"]
[Annotator "RC"]
[ECO "B51"]
[WhiteElo "2110"]
[BlackElo "2400"]
[PlyCount "162"]
[EventDate "2025.04.10"]
[EventType "swiss"]
[EventCountry "IND"]
[SourceTitle "playchess.com"]
[Source "ChessBase"]
[SourceQuality "1"]
[TimeControl "5400+30"]

1. e4 c5 2. Nf3 d6 3. d4 cxd4 4. Qxd4 Nc6 5. Bb5 a6 6. Bxc6+ bxc6 7. O-O e5 8. Qd3 Be7 9. Rd1 Qc7 10. Bg5 f6 11. Bd2 f5 12. exf5 Nf6 13. Nc3 d5 14. Qe2 e4 15. Nd4 O-O 16. f3 c5 17. Ne6 Bxe6 18. fxe6 e3 19. Be1 Qe5 20. Qd3 Rfd8 21. Ne2 Bd6 22. Bg3 Qxe6 23. Bxd6 Rxd6 24. b4 cxb4 25. Nd4 Qe5 26. Rab1 Rb6 27. Re1 Re8 28. Rb3 a5 29. Rxe3 Qxe3+ 30. Qxe3 Rxe3 31. Rxe3 Kf7 32. Rb3 Nd7 33. c3 Nc5 34. Rb1 Ne6 35. Nxe6 Kxe6 36. cxb4 axb4 37. Rb3 Kd6 38. a3 Kc5 39. axb4+ Kc4 40. Rb1 d4 41. Rc1+ Kxb4 42. Rb1+ Kc5 43. Rc1+ Kd6 44. Rc4 Ke5 45. Rc7 d3 46. Kf2 Rb2+ 47. Ke3 Rxg2 48. Kxd3 h6 49. Ke3 Kf6 50. Rc6+ Kg5 51. f4+ Kf5 52. Rc7 Kg6 53. Rc6+ Kh7 54. f5 Rxh2 55. Kf4 Rf2+ 56. Kg4 Rf1 57. Rc3 Rg1+ 58. Kf4 Rf1+ 59. Kg4 Ra1 60. Rf3 Ra4+ 61. Kg3 Ra6 62. Kg4 Kg8 63. Rf4 Kf7 64. Rb4 Kf6 65. Kf4 Rc6 66. Ra4 Rb6 67. Rc4 Rb1 68. Rc6+ Kf7 69. Rc7+ Kg8 70. Rc8+ Kh7 71. Rc6 Rf1+ 72. Kg4 Rg1+ 73. Kf4 h5 74. Ra6 Rg4+ 75. Ke5 h4 76. f6 gxf6+ 77. Kf5 Rg5+ 78. Kf4 h3 79. Ra7+ Kg6 80. Ra3 h2 81. Rh3 Rh5 0-1

[Event "2nd Namma Bengaluru Open-A 2025"]
[Site "Bengaluru"]
[Date "2025.04.11"]
[Round "2.18"]
[White "Fedorov, Alexei"]
[Black "Vivaan Vijay Saraogi"]
[Result "1-0"]
[Annotator "RC"]
[ECO "B21"]
[WhiteElo "2396"]
[BlackElo "2098"]
[PlyCount "129"]
[EventDate "2025.04.10"]
[EventType "swiss"]
[EventCountry "IND"]
[SourceTitle "playchess.com"]
[Source "ChessBase"]
[SourceQuality "1"]
[TimeControl "5400+30"]

1. e4 c5 2. d3 Nc6 3. f4 g6 4. Nf3 Bg7 5. Be2 d6 6. O-O Nf6 7. h3 O-O 8. Qe1 b5 9. a3 a5 10. Be3 Ba6 11. Nbd2 b4 12. c3 bxc3 13. bxc3 Rb8 14. f5 Rb2 15. Qh4 Ne5 16. Nxe5 dxe5 17. fxg6 hxg6 18. c4 Bxc4 19. dxc4 Rxd2 20. Bxd2 Qxd2 21. Bf3 Bh6 22. Kh1 Kg7 23. Qf2 Qd6 24. Rab1 Rh8 25. Rfd1 Qc6 26. Rb5 Bf4 27. Qxc5 Qe6 28. Rb6 Rxh3+ 29. Kg1 Bh2+ 30. Kf2 Rxf3+ 31. gxf3 Qh3 32. Rxf6 Bg3+ 33. Ke3 Kxf6 34. Kd3 Qg2 35. Rg1 Qh2 36. Rb1 Bf4 37. Qxa5 Qg2 38. Rb6+ Kg7 39. c5 Qxf3+ 40. Kc4 Qxe4+ 41. Kb5 Qd3+ 42. Kc6 Qf3+ 43. Kd7 Qd5+ 44. Ke8 Be3 45. a4 Bxc5 46. Qb5 Qd4 47. a5 e4 48. Rc6 Bd6 49. a6 e3 50. Qb3 e2 51. Rc1 e6 52. Qb7 Qa4+ 53. Qd7 Qf4 54. Rh1 Qf3 55. Qb7 Qf4 56. a7 Qa4+ 57. Qd7 e1=Q 58. Rxe1 Qh4 59. Qxf7+ Kh6 60. Rxe6 Qa4+ 61. Qd7 Qa1 62. Qxd6 Qxa7 63. Rxg6+ Kh5 64. Rh6+ Kg4 65. Qd7+ 1-0

[Event "2nd Namma Bengaluru Open-A 2025"]
[Site "Bengaluru"]
[Date "2025.04.11"]
[Round "2.19"]
[White "Saranya, J."]
[Black "Deepan Chakkravarthy J."]
[Result "0-1"]
[Annotator "ChessBase"]
[ECO "C00"]
[WhiteElo "2102"]
[BlackElo "2394"]
[PlyCount "88"]
[EventDate "2025.04.10"]
[EventType "swiss"]
[EventCountry "IND"]
[SourceTitle "playchess.com"]
[Source "ChessBase"]
[SourceQuality "1"]
[TimeControl "5400+30"]

1. e4 e6 2. Nf3 d5 3. Nc3 d4 4. Ne2 c5 5. Ng3 h5 6. h4 Nc6 7. Bc4 Bd6 8. Ne2 Nf6 9. d3 b5 10. Bb3 Bb7 11. Bg5 Qc7 12. O-O Ng4 13. Qc1 Na5 14. Bf4 Bxf4 15. Qxf4 Qxf4 16. Nxf4 Ke7 17. c3 dxc3 18. bxc3 Nxb3 19. axb3 Rhd8 20. Rfd1 g6 21. b4 cxb4 22. cxb4 a6 23. Kf1 Rd7 24. Ke2 Rad8 25. g3 e5 26. Ng2 f5 27. exf5 gxf5 28. Nge1 e4 29. Ng5 Bd5 30. f3 exd3+ 31. Nxd3 Bc4 32. fxg4 Rxd3 33. Rxd3 Rxd3 34. Kf2 hxg4 35. Rxa6 Bd5 36. h5 f4 37. h6 fxg3+ 38. Ke2 g2 39. Ra1 Ra3 40. Re1 Ra2+ 41. Kd3+ Kf6 42. h7 Ra8 43. Kd4 Kxg5 44. Kxd5 Kf4 0-1

[Event "2nd Namma Bengaluru Open-A 2025"]
[Site "Bengaluru"]
[Date "2025.04.11"]
[Round "2.20"]
[White "Kumaresh A"]
[Black "Panda Sambit"]
[Result "0-1"]
[Annotator "ChessBase"]
[ECO "A22"]
[WhiteElo "2097"]
[BlackElo "2391"]
[PlyCount "102"]
[EventDate "2025.04.10"]
[EventType "swiss"]
[EventCountry "IND"]
[SourceTitle "playchess.com"]
[Source "ChessBase"]
[SourceQuality "1"]
[TimeControl "5400+30"]

1. c4 e5 2. g3 c6 3. Nf3 d6 4. Nc3 Nf6 5. Bg2 Be7 6. O-O O-O 7. e4 c5 8. d3 Nc6 9. Ne1 Nd4 10. f4 Bd7 11. Nf3 Bg4 12. Be3 Ne8 13. Qd2 Bxf3 14. Bxf3 Nc7 15. Bg2 Rb8 16. Rf2 a6 17. Raf1 exf4 18. Bxf4 Bf6 19. Kh1 b5 20. Qd1 b4 21. Nb1 Be5 22. Qh5 g6 23. Qh3 Bg7 24. Nd2 Nce6 25. Be3 Qe7 26. Nf3 Nxf3 27. Bxf3 Bd4 28. Bxd4 Nxd4 29. e5 Nxf3 30. exd6 Qxd6 31. Rxf3 Rbe8 32. Qg2 Re6 33. Qf2 Qe7 34. Qg2 Re2 35. R3f2 Rxf2 36. Qxf2 Rd8 37. Qf3 Rd6 38. Kg1 Kg7 39. b3 Qd7 40. Qf2 Rc6 41. Rd1 Qd6 42. Rf1 Qd7 43. Rd1 h5 44. Qf4 Re6 45. d4 Re2 46. Qf1 Rxa2 47. dxc5 Qe7 48. Rd6 Qe3+ 49. Kh1 Qe4+ 50. Kg1 Qe3+ 51. Kh1 Rf2 0-1

[Event "2nd Namma Bengaluru Open-A 2025"]
[Site "Bengaluru"]
[Date "2025.04.11"]
[Round "2.21"]
[White "Sammed Jaykumar, Shete"]
[Black "Rakshith Srinivasan"]
[Result "1-0"]
[Annotator "ChessBase"]
[ECO "E90"]
[WhiteElo "2391"]
[BlackElo "2094"]
[PlyCount "75"]
[EventDate "2025.04.10"]
[EventType "swiss"]
[EventCountry "IND"]
[SourceTitle "playchess.com"]
[Source "ChessBase"]
[SourceQuality "1"]
[TimeControl "5400+30"]

1. d4 Nf6 2. c4 g6 3. Nc3 Bg7 4. e4 d6 5. h3 O-O 6. Be3 c5 7. Nf3 Qa5 8. Bd3 Nfd7 9. O-O Nc6 10. Be2 e5 11. dxc5 dxc5 12. Nd5 Nd4 13. b4 Nxe2+ 14. Qxe2 cxb4 15. Bd2 Re8 16. Bxb4 Qd8 17. Bd6 Nf6 18. Bc7 Qd7 19. Bxe5 Nxd5 20. Bxg7 Kxg7 21. cxd5 Qa4 22. Rfe1 Kg8 23. Qe3 Qb4 24. Qh6 Qf8 25. Qf4 b6 26. Rac1 Bb7 27. Ne5 Qe7 28. Ng4 Rec8 29. d6 Qd8 30. e5 Qf8 31. Rxc8 Bxc8 32. Nf6+ Kg7 33. d7 Bb7 34. Ne8+ Rxe8 35. Qf6+ Kh6 36. dxe8=Q Qxe8 37. e6 Qc6 38. f3 1-0

[Event "2nd Namma Bengaluru Open-A 2025"]
[Site "Bengaluru"]
[Date "2025.04.11"]
[Round "2.22"]
[White "Murali Krishnan B T"]
[Black "Sathvik Adiga"]
[Result "1-0"]
[Annotator "ChessBase"]
[ECO "D50"]
[WhiteElo "2090"]
[BlackElo "2390"]
[PlyCount "75"]
[EventDate "2025.04.10"]
[EventType "swiss"]
[EventCountry "IND"]
[SourceTitle "playchess.com"]
[Source "ChessBase"]
[SourceQuality "1"]
[TimeControl "5400+30"]

1. d4 d5 2. c4 e6 3. Nc3 Nf6 4. Bg5 dxc4 5. e3 a6 6. Bxc4 c5 7. Nf3 Nc6 8. O-O b5 9. Bd3 Bb7 10. a4 b4 11. Ne4 cxd4 12. exd4 Be7 13. Nc5 Bxc5 14. dxc5 Qd5 15. Rc1 Nd4 16. Be2 e5 17. Be3 Nxf3+ 18. Bxf3 Qxd1 19. Rfxd1 Bxf3 20. gxf3 Rd8 21. c6 Rd5 22. Bc5 a5 23. Rxd5 Nxd5 24. Rd1 Nc7 25. Bb6 Ne6 26. Bxa5 Nd4 27. Bxb4 Nxc6 28. Bc5 f6 29. b4 Kf7 30. Rd7+ Kg6 31. Rc7 Nb8 32. b5 Rd8 33. a5 Rd1+ 34. Kg2 f5 35. a6 Nd7 36. a7 Nf6 37. a8=Q Nd5 38. Qe8+ 1-0

[Event "2nd Namma Bengaluru Open-A 2025"]
[Site "Bengaluru"]
[Date "2025.04.11"]
[Round "2.23"]
[White "Harsh Suresh"]
[Black "Nirvan Bhamidi"]
[Result "1/2-1/2"]
[Annotator "ChessBase"]
[ECO "A28"]
[WhiteElo "2389"]
[BlackElo "2089"]
[PlyCount "75"]
[EventDate "2025.04.10"]
[EventType "swiss"]
[EventCountry "IND"]
[SourceTitle "playchess.com"]
[Source "ChessBase"]
[SourceQuality "1"]
[TimeControl "5400+30"]

1. c4 Nf6 2. Nc3 e5 3. Nf3 Nc6 4. e4 Bb4 5. d3 d6 6. Be2 O-O 7. O-O h6 8. a3 Bc5 9. b4 Bb6 10. Na4 Bg4 11. Nxb6 axb6 12. Bb2 Nd7 13. h3 Bxf3 14. Bxf3 Re8 15. Bg4 Nf8 16. f4 Ne6 17. f5 Ned4 18. f6 gxf6 19. Bc1 Kg7 20. Ra2 Ne7 21. Qe1 Rh8 22. Qg3 Ng8 23. Be3 Kf8 24. Bxd4 exd4 25. Bd1 Rh7 26. a4 Qe7 27. Raf2 Rg7 28. Qf3 Qe5 29. Qe2 Qg5 30. Rf5 Qc1 31. Kh2 Qc3 32. b5 Re8 33. R1f3 Re5 34. Qf2 Rg5 35. R5f4 Rg7 36. Rf5 Rg5 37. R5f4 Rg7 38. Rf5 1/2-1/2

[Event "2nd Namma Bengaluru Open-A 2025"]
[Site "Bengaluru"]
[Date "2025.04.11"]
[Round "2.24"]
[White "Bhoir Paras Dilip"]
[Black "Ajay Karthikeyan"]
[Result "1-0"]
[Annotator "ChessBase"]
[ECO "B06"]
[WhiteElo "2085"]
[BlackElo "2387"]
[PlyCount "115"]
[EventDate "2025.04.10"]
[EventType "swiss"]
[EventCountry "IND"]
[SourceTitle "playchess.com"]
[Source "ChessBase"]
[SourceQuality "1"]
[TimeControl "5400+30"]

1. e4 g6 2. d4 Bg7 3. Nf3 d6 4. Nc3 a6 5. a4 Nc6 6. Be3 Bg4 7. Be2 Nf6 8. d5 Bxf3 9. Bxf3 Ne5 10. Be2 c6 11. f4 Ned7 12. dxc6 bxc6 13. a5 O-O 14. O-O Qc7 15. Qd2 Rfb8 16. Ra2 Rb4 17. Bf3 Rab8 18. b3 e6 19. Qd3 d5 20. e5 Ne8 21. Na4 R4b5 22. Nb6 Bf8 23. Kh1 Bb4 24. Nxd7 Qxd7 25. Bb6 Be7 26. c4 Rb4 27. cxd5 exd5 28. Qxa6 Rxf4 29. Rc2 Rb4 30. Rfc1 Bg5 31. Rb1 Bf4 32. Qe2 Ra8 33. Qe1 Rb5 34. Be2 Rxb6 35. axb6 Qb7 36. Qc3 Qxb6 37. Rf1 Qe3 38. Qxe3 Bxe3 39. Rxc6 Rd8 40. b4 Ng7 41. Rd6 Rb8 42. Rxd5 Ne6 43. Rb5 Rd8 44. Bc4 Ng5 45. Bd5 Bd4 46. h4 Ne6 47. Bxe6 fxe6 48. Rd1 g5 49. hxg5 Kg7 50. Rb7+ Kg6 51. Rc7 Kf5 52. Rc4 Kxe5 53. b5 Bb6 54. Rxd8 Bxd8 55. Rc8 Bb6 56. Rc6 Be3 57. b6 Kd5 58. b7 1-0

[Event "2nd Namma Bengaluru Open-A 2025"]
[Site "Bengaluru"]
[Date "2025.04.11"]
[Round "2.25"]
[White "Vignesh B"]
[Black "Soham Roy"]
[Result "1/2-1/2"]
[Annotator "ChessBase"]
[ECO "C56"]
[WhiteElo "2191"]
[BlackElo "2085"]
[PlyCount "99"]
[EventDate "2025.04.10"]
[EventType "swiss"]
[EventCountry "IND"]
[SourceTitle "playchess.com"]
[Source "ChessBase"]
[SourceQuality "1"]
[TimeControl "5400+30"]

1. e4 e5 2. Nf3 Nc6 3. Bc4 d6 4. d4 Nf6 5. dxe5 dxe5 6. Qxd8+ Nxd8 7. Nxe5 Bd6 8. Nd3 Nxe4 9. O-O Be6 10. Bxe6 Nxe6 11. Re1 N4c5 12. Ne5 O-O 13. Na3 Rfe8 14. Nec4 Bf4 15. Bxf4 Nxf4 16. Nb5 Rxe1+ 17. Rxe1 Nfe6 18. Na5 c6 19. Na3 Rc8 20. b4 b6 21. N5c4 Na6 22. c3 Nac7 23. Ne5 Nb5 24. Nb1 Kf8 25. a4 Nd6 26. Na3 f6 27. Nec4 Nxc4 28. Nxc4 Nc7 29. a5 Nd5 30. axb6 axb6 31. Rc1 b5 32. Nd6 Rd8 33. Nb7 Nxc3 34. Nxd8 Ne2+ 35. Kf1 Nxc1 36. Nxc6 Ke8 37. Nd4 Kd7 38. g3 Nd3 39. Nc2 Ne5 40. Ke2 Nc6 41. Kd3 Ke6 42. f3 Kd5 43. Ne3+ Ke6 44. Kc3 Ke5 45. Nc2 Ne7 46. Na3 Nd5+ 47. Kb3 Nc7 48. Kc3 Nd5+ 49. Kb3 Nc7 50. Kc3 1/2-1/2

[Event "2nd Namma Bengaluru Open-A 2025"]
[Site "Bengaluru"]
[Date "2025.04.11"]
[Round "2.26"]
[White "Kandi Santosh Sai Karthik"]
[Black "Viani Antonio Dcunha"]
[Result "0-1"]
[Annotator "ChessBase"]
[ECO "B12"]
[WhiteElo "2085"]
[BlackElo "2378"]
[PlyCount "88"]
[EventDate "2025.04.10"]
[EventType "swiss"]
[EventCountry "IND"]
[SourceTitle "playchess.com"]
[Source "ChessBase"]
[SourceQuality "1"]
[TimeControl "5400+30"]

1. e4 c6 2. d4 d5 3. e5 Bf5 4. h4 h6 5. g4 Bd7 6. Be3 Qb6 7. Nd2 c5 8. dxc5 Qxb2 9. Rb1 Qxe5 10. Rxb7 d4 11. Ngf3 Qxc5 12. Nxd4 e5 13. Ne4 Qa5+ 14. Bd2 Qd5 15. Bg2 Qxd4 16. Qb1 Na6 17. Rh3 Nc5 18. Rb8+ Rxb8 19. Qxb8+ Ke7 20. Bc3 Na6 21. Qb7 Qb6 22. Qd5 Nf6 23. Qxe5+ Qe6 24. Qd4 Nd5 25. Bd2 f6 26. c4 Ndb4 27. Kf1 Kf7 28. Qxa7 Qxc4+ 29. Kg1 Qc7 30. Qd4 Bxg4 31. Nxf6 Bxh3 32. Nd5 Bc5 33. Qe4 Nxd5 34. Bxh3 Qd6 35. Qf3+ Nf6 36. Bf4 Qd5 37. Qe2 Qe4 38. Qd2 Re8 39. Bf1 Nb4 40. Bg3 Nc2 41. Qc3 Ne3 42. Bh3 Qb1+ 43. Kh2 Nf1+ 44. Bxf1 Qxf1 0-1

[Event "2nd Namma Bengaluru Open-A 2025"]
[Site "Bengaluru"]
[Date "2025.04.11"]
[Round "2.27"]
[White "Srihari L R"]
[Black "Uddipan Roy"]
[Result "1-0"]
[Annotator "TA"]
[ECO "B92"]
[WhiteElo "2481"]
[BlackElo "2079"]
[PlyCount "105"]
[EventDate "2025.04.10"]
[EventType "swiss"]
[EventCountry "IND"]
[SourceTitle "playchess.com"]
[Source "ChessBase"]
[SourceQuality "1"]
[TimeControl "5400+30"]

1. e4 c5 2. Nf3 d6 3. d4 Nf6 4. Nc3 cxd4 5. Nxd4 a6 6. Be2 e5 7. Nb3 Be7 8. Qd3 O-O 9. O-O Nc6 {[%emt 0:06:10] B92: Sicilian Najdorf: 6 Be2.} 10. Rd1 Nb4 11. Qd2 Be6 {[%emt 0:01:22] The position is equal.} 12. a3 Nc6 13. Qd3 Bxb3 14. cxb3 Nd4 15. b4 d5 16. exd5 Nxd5 17. Qe4 $146 (17. Bf1 $5) (17. Bf1 Rc8 18. Be3 b5 19. Qe4 Rxc3 20. Bxd4 exd4 21. Rxd4 Rc6 22. Rxd5 Re6 23. Qxe6 fxe6 24. Rxd8 Rxd8 {1-0 Saenko,O (2481)-Sirobaba,F (2404) UKR-ch24 final email 2011}) 17... Nxc3 18. bxc3 Nxe2+ 19. Qxe2 Qc7 20. c4 $40 {[%emt 0:00:30][%mdl 128] Black needs to defend precisely.} a5 21. Bb2 (21. Rb1 Rfd8 22. Rxd8+ Rxd8 23. bxa5 Qxa5 24. Rxb7 Bxa3 25. Be3) 21... axb4 (21... f6 {simplifies} 22. c5 Rfd8 23. Rac1 Rxd1+ 24. Rxd1 Rd8) 22. Bxe5 (22. Qxe5 $2 {loses.} Qxe5 (22... Qxc4 23. Qxg7#) 23. Bxe5 Ra5 $19 (23... bxa3 $2 24. Bd6 $19) (23... Rxa3 24. Rab1 $17)) 22... Qc6 {[%emt 0:00:17] [#] aiming for ...Qe6.} 23. Bxg7 $1 {[%emt 0:10:14][%csl Ob4,Ob7,Of7,Oh7] Black has weak pawns} Bf6 {[%emt 0:00:12] This costs Black the game.} (23... Rfe8 $1 $14 24. axb4 Bf8 25. Rxa8 Rxe2 26. Bxf8 h6) 24. Bxf8 $18 Kxf8 25. Ra2 bxa3 26. Qd3 Bb2 27. Qxh7 {[%emt 0:04:03][%cal Oa2b2] [#] Hoping for Rxb2!.} Qg6 28. Qxg6 fxg6 {[%emt 0:00:05][%mdl 4096] Endgame KRR-KRB} 29. Rd7 b6 30. Rd6 Rc8 31. Rxb6 Rxc4 32. g3 (32. Rxg6 $2 Rc1#) 32... Rc2 $2 (32... Kg7 33. Ra6 Rc5) 33. Rxg6 Kf7 34. Rb6 Kg7 35. Rb3 Rc4 36. Raxa3 Bxa3 37. Rxa3 {[%emt 0:00:02] KR-KR. White is 3 pawns up.} Kg6 38. Kg2 Rb4 39. h3 Kg5 40. Ra5+ Kg6 41. g4 {[%emt 0:00:05][%cal Bg3g4,Bg4g5,Bg5g6][%mdl 32] f3 would kill now.} Rb3 42. f3 Rb4 43. h4 Rc4 44. Ra6+ {[%emt 0:00:05] White mates.} Kf7 45. Kg3 Rb4 46. g5 Rc4 47. h5 Rc5 48. Kg4 Rc4+ 49. f4 Rc1 50. g6+ Kg7 51. Kg5 Rg1+ 52. Kf5 Kh6 53. Ra7 {[%emt 0:00:13] Weighted Error Value: White=0.04 (flawless) /Black=0.83  Mistake:       	---       	Black=2      Inaccurate:     	White=1     	Black=3      OK:         	White=13    	Black=12     Best:        	White=5     	---        Strong:       	White=1     	---} 1-0

[Event "2nd Namma Bengaluru Open-A 2025"]
[Site "Bengaluru"]
[Date "2025.04.11"]
[Round "2.28"]
[White "Nguyen Van Huy"]
[Black "Arul Prakash N"]
[Result "1/2-1/2"]
[Annotator "ChessBase"]
[ECO "D11"]
[WhiteElo "2363"]
[BlackElo "2075"]
[PlyCount "96"]
[EventDate "2025.04.10"]
[EventType "swiss"]
[EventCountry "IND"]
[SourceTitle "playchess.com"]
[Source "ChessBase"]
[SourceQuality "1"]
[TimeControl "5400+30"]

1. d4 d5 2. Nf3 Nf6 3. c4 c6 4. Qc2 g6 5. Bf4 Bg7 6. e3 O-O 7. Bd3 c5 8. O-O Nc6 9. dxc5 Nb4 10. Qb3 Nxd3 11. Qxd3 Bf5 12. Qa3 dxc4 13. Nc3 Nd5 14. Be5 f6 15. Nxd5 Qxd5 16. Rfd1 Bd3 17. Bc3 Rfc8 18. Ne1 e5 19. Rd2 Bf8 20. Nxd3 cxd3 21. Rad1 e4 22. Bxf6 Rxc5 23. Bc3 a5 24. Qb3 Qxb3 25. axb3 Rb5 26. f3 Rxb3 27. fxe4 Bb4 28. Bxb4 Rxb4 29. Rc1 Rd8 30. Kf2 Rxe4 31. Kf3 Re7 32. e4 Rd4 33. Rc5 Rdxe4 34. Rxd3 Rb4 35. b3 b6 36. Rc6 Kg7 37. g3 Kf7 38. h4 Ra7 39. Kg2 b5 40. Rb6 Kg7 41. Kh3 Rc7 42. Ra6 a4 43. bxa4 bxa4 44. Rd8 h5 45. Rd5 Rg4 46. Rd3 Rb7 47. Ra3 Rbb4 48. Rf3 Rb7 1/2-1/2

[Event "2nd Namma Bengaluru Open-A 2025"]
[Site "Bengaluru"]
[Date "2025.04.11"]
[Round "2.29"]
[White "Shahil Dey"]
[Black "Vedant Garg"]
[Result "1-0"]
[Annotator "ChessBase"]
[ECO "C55"]
[WhiteElo "2360"]
[BlackElo "2073"]
[PlyCount "87"]
[EventDate "2025.04.10"]
[EventType "swiss"]
[EventCountry "IND"]
[SourceTitle "playchess.com"]
[Source "ChessBase"]
[SourceQuality "1"]
[TimeControl "5400+30"]

1. e4 e5 2. Nf3 Nc6 3. Bc4 Nf6 4. d3 h6 5. c3 d6 6. a4 g6 7. a5 a6 8. Qb3 Qe7 9. h3 Bg7 10. Be3 O-O 11. Nbd2 Nd7 12. Qc2 Kh8 13. g4 Nc5 14. d4 exd4 15. Nxd4 Nxd4 16. cxd4 Ne6 17. Bxe6 Bxe6 18. d5 Bd7 19. Qxc7 f5 20. gxf5 gxf5 21. Qb6 Rac8 22. Rg1 Qf6 23. Rxg7 Qxg7 24. Bd4 Rf6 25. Qxb7 Rcf8 26. O-O-O R8f7 27. Qxa6 Ba4 28. b3 Bd7 29. f4 Kh7 30. Rg1 Qf8 31. Bxf6 Rxf6 32. Qa7 Rf7 33. e5 dxe5 34. fxe5 Qa3+ 35. Kc2 f4 36. Ne4 Qa2+ 37. Kc3 h5 38. Ng5+ Kg6 39. Nxf7+ Kf5 40. Qxd7+ Ke4 41. Ng5+ Ke3 42. Qa7+ Ke2 43. Qa6+ Ke3 44. Qd3+ 1-0

[Event "2nd Namma Bengaluru Open-A 2025"]
[Site "Bengaluru"]
[Date "2025.04.11"]
[Round "2.30"]
[White "Subhayan Kundu"]
[Black "Mrudul Dehankar"]
[Result "1/2-1/2"]
[Annotator "ChessBase"]
[ECO "B12"]
[WhiteElo "2356"]
[BlackElo "2068"]
[PlyCount "97"]
[EventDate "2025.04.10"]
[EventType "swiss"]
[EventCountry "IND"]
[SourceTitle "playchess.com"]
[Source "ChessBase"]
[SourceQuality "1"]
[TimeControl "5400+30"]

1. e4 c6 2. d4 d5 3. e5 Bf5 4. Nd2 e6 5. Nb3 Nd7 6. Nf3 Ne7 7. Be2 Nc8 8. O-O a5 9. a4 Ncb6 10. Ne1 Be7 11. g4 Be4 12. f3 Bg6 13. f4 f6 14. f5 Bf7 15. Nd3 fxe5 16. Nxe5 Nxe5 17. dxe5 Nc4 18. Bxc4 dxc4 19. Qxd8+ Rxd8 20. Nxa5 Rd4 21. Bf4 Bg5 22. Bxg5 Rxg4+ 23. Kf2 Rxg5 24. Ke3 exf5 25. Nxb7 Ke7 26. a5 Ra8 27. a6 Bd5 28. Nc5 Rh5 29. Rf2 g6 30. Kd4 Rh3 31. a7 Kd8 32. Re2 f4 33. b3 f3 34. Rf2 cxb3 35. cxb3 Rh4+ 36. Kc3 Kc7 37. Ra5 Kb6 38. Rfa2 Rf4 39. Ra6+ Kc7 40. Nd3 Rf7 41. Kd4 g5 42. Rc2 h5 43. b4 Kd8 44. b5 Rd7 45. Rf2 Rdxa7 46. Rxa7 Rxa7 47. Nb4 g4 48. bxc6 Be6 49. Kc5 1/2-1/2